 Dungeon Crawl Stone Soup version 0.19.1 (webtiles) character file.

426 M4edhros the Insei (level 6, -8/36 HPs)
             Began as an Octopode Necromancer on Dec 25, 2016.
             Mangled by Edmund
             ... wielding a +3 dire flail of protection
              (10 damage)
             ... on level 4 of the Dungeon.
             The game lasted 00:10:17 (1798 turns).

M4edhros the Insei (Octopode Necromancer)           Turns: 1798, Time: 00:10:18

Health: -8/36      AC:  1    Str: 13    XL:     6   Next: 97%
Magic:  8/8        EV: 13    Int: 17    God:
Gold:   238        SH:  0    Dex: 14    Spells: 3 memorised, 4 levels left

rFire  . . .     SeeInvis .     m - -1 mace (curse)
rCold  + . .     Gourm    .     (no shield)
rNeg   . . .     Faith    .     (helmet restricted)
rPois  .         Spirit   .     (no amulet)
rElec  .         Reflect  .     (no ring)
rCorr  .         Harm     .     (no ring)
MR     .....                    (no ring)
Stlth  +++.......               (no ring)
                                (no ring)
                                (no ring)
                                (no ring)
                                (no ring)

@: mighty, exhausted, slowed, very slow
A: almost no armour, stealthy swim, amphibious, 8 rings, constrict 8, antennae
1, camouflage 1, cold resistance 1, low mp 1, gelatinous body 1
a: no special abilities


You were on level 4 of the Dungeon.
You were not hungry.

You visited 1 branch of the dungeon, and saw 5 of its levels.

You collected 238 gold pieces.

Inventory:

Hand Weapons
 m - a cursed -1 mace (weapon)
Missiles
 d - 12 javelins (quivered)
 g - 27 sling bullets
Rods
 n - a +0 lightning rod (14/14)
   (You took it off an orc on level 3 of the Dungeon)
Scrolls
 h - 2 scrolls of fear
Potions
 k - a potion of magic
Books
 a - a book of Necromancy

   Spells                             Type                      Level
   a - Pain                           Necromancy                   1
   b - Animate Skeleton               Necromancy                   1
   c - Vampiric Draining              Necromancy                   3
   d - Regeneration                   Charms/Necromancy            3
   e - Animate Dead                   Necromancy                   4
   f - Control Undead                 Necromancy                   4
Comestibles
 b - 4 bread rations
 c - a chunk of flesh


   Skills:
 - Level 2.0 Dodging
 - Level 2.6 Stealth
 + Level 6.8 Unarmed Combat
 - Level 2.0 Spellcasting
 - Level 4.0 Necromancy


You had 4 spell levels left.
You knew the following spells:

 Your Spells              Type           Power        Failure   Level  Hunger
a - Pain                  Necr           ###.         3%          1    #......
b - Animate Skeleton      Necr           N/A          3%          1    #......
c - Regeneration          Chrm/Necr      #.........   24%         3    ###....


Dungeon Overview and Level Annotations

Branches:
Dungeon (5/15)
 Temple: D:4-7

Altars:
Kikubaaqudgha
Okawaru
Qazlal
Zin

Annotations:
D:4 Edmund, Grinder


Innate Abilities, Weirdness & Mutations

You cannot wear most types of armour.
You are very stealthy in the water. (Stealth+)
You are amphibious.
You can wear up to eight rings at the same time.
You can use your tentacles to constrict eight enemies at once.
Your skin changes colour to match your surroundings (Stealth+).
Your rubbery body absorbs attacks. (AC +1, EV +1)
You have a pair of small antennae on your head.
Your flesh is cold resistant. (rC+)
Your magical capacity is low. (-10% MP)


Message History

Edmund barely misses you. Edmund closely misses you.
You hit Edmund but do no damage. You grab Edmund.
Edmund is lightly wounded.
You constrict Edmund, but do no damage.
You feel sick.
Edmund hits you with a dire flail of protection!
You hit Edmund. You squeeze Edmund.
Edmund is moderately wounded.
You constrict Edmund. Edmund completely misses you. x2
You hit Edmund but do no damage.
Edmund is moderately wounded.
You constrict Edmund, but do no damage.
You feel sick.
You are no longer poisoned.
Edmund hits you with a dire flail of protection.
Edmund hits you with a dire flail of protection!
* * * LOW HITPOINT WARNING * * *
Okay, then.
You feel very mighty all of a sudden.
You constrict Edmund.
Edmund hits you with a dire flail of protection!
You die...

# ## ##.## #
#.#.##.#.########### #
#.@†...............
####.##@##..#############
............# #
####.##.##@.# #####
##.#.#.#.# #.... #)..# .#
#.### ##.## # # #.## #
#..# #.###


You could see Edmund.

Vanquished Creatures
  Menkaure (D:4)
  A bullfrog skeleton (D:4)
  2 hounds
  An orc wizard (D:3)
  Jessica (D:2)
  2 worker ants (D:4)
  3 adders
  3 gnolls (D:4)
  An adder zombie (D:5)
  3 worms
  8 orcs
  A ball python (D:3)
  2 giant cockroaches
  4 goblins
  3 hobgoblins
  4 bats
  3 frilled lizards
  3 kobolds
  A leopard gecko skeleton (D:4)
  6 rats
53 creatures vanquished.

Notes
Turn   | Place    | Note
-------+----------+-------------------------------------------
     0 | D:1      | M4edhros the Octopode Necromancer began the quest for the Orb.
     0 | D:1      | Reached XP level 1. HP: 11/11 MP: 3/3
   241 | D:2      | Found a stormy altar of Qazlal.
   242 | D:2      | Found an ancient bone altar of Kikubaaqudgha.
   244 | D:2      | Found a glowing silver altar of Zin.
   308 | D:2      | Reached skill level 1 in Unarmed Combat
   395 | D:2      | Reached XP level 2. HP: 8/17 MP: 0/5
   482 | D:2      | Reached skill level 2 in Unarmed Combat
   496 | D:2      | Reached XP level 3. HP: 11/21 MP: 1/6
   499 | D:2      | Learned a level 1 spell: Animate Skeleton
   503 | D:2      | Learned a level 3 spell: Regeneration
   516 | D:2      | Found an iron altar of Okawaru.
   554 | D:2      | Noticed Jessica
   564 | D:2      | Killed Jessica
   564 | D:2      | Reached skill level 3 in Unarmed Combat
   663 | D:1      | Reached XP level 4. HP: 21/27 MP: 2/7
   912 | D:3      | Reached skill level 4 in Unarmed Combat
  1018 | D:3      | Reached XP level 5. HP: 23/31 MP: 1/8
  1039 | D:3      | Gained mutation: You have a pair of small antennae on your head. [potion of mutation]
  1039 | D:3      | Gained mutation: Your magical capacity is low. (-10% MP) [potion of mutation]
  1039 | D:3      | Gained mutation: Your flesh is cold resistant. (rC+) [potion of mutation]
  1281 | D:4      | Reached skill level 5 in Unarmed Combat
  1404 | D:4      | Noticed Menkaure
  1424 | D:4      | Reached XP level 6. HP: 18/36 MP: 0/8
  1510 | D:4      | Killed Menkaure
  1510 | D:4      | Reached skill level 6 in Unarmed Combat
  1591 | D:4      | Noticed Grinder
  1666 | D:5      | Entered Level 5 of the Dungeon
  1784 | D:4      | Noticed Edmund
  1798 | D:4      | Mangled by Edmund

Skill      XL: |  1  2  3  4  5  6 |
---------------+-------------------+-----
Unarmed Combat | 1 2 3 4 5 6 |  6.8
Dodging        | |  2.0
Stealth        | |  2.6
Spellcasting   | |  2.0
Necromancy     | |  4.0

Action                   |  1- 3 |  4- 6 || total
-------------------------+-------+-------++-------
Melee: Unarmed           |    21 |       ||    21
       Tentacles         |     6 |    19 ||    25
       Constrict         |     8 |    31 ||    39
       Punch             |     1 |     2 ||     3
       Mace              |    10 |   107 ||   117
 Cast: Pain              |    22 |     5 ||    27
       Regeneration      |     2 |    18 ||    20
       Animate Skeleton  |       |     5 ||     5
  Use: Potion            |     2 |     7 ||     9
       Scroll            |     3 |     5 ||     8
 Stab: Sleeping          |     2 |     4 ||     6
       Distracted        |       |     1 ||     1
  Eat: Chunk             |       |     3 ||     3
       Meat ration       |       |     1 ||     1
Armor: Skin              |     4 |     7 ||    11
Dodge: Dodged            |    22 |    79 ||   101
